[Event "European Women-ch 2023"]
[Site "Petrovac"]
[Date "2023.03.23"]
[Round "6.1"]
[White "Kiolbasa, Oliwia"]
[Black "Bulmaga, Irina"]
[Result "1-0"]
[ECO "C77"]
[WhiteElo "2406"]
[BlackElo "2438"]
[Annotator "TA"]
[PlyCount "119"]
[EventDate "2023.03.15"]
[EventType "swiss"]
[EventCountry "MNE"]
[SourceTitle "playchess.com"]
[Source "ChessBase"]
[SourceQuality "1"]
[TimeControl "40/5400+30:1800+30"]

1. e4 e5 2. Nf3 Nc6 3. Bb5 a6 4. Ba4 Nf6 5. Nc3 b5 6. Bb3 Bd6 {[%emt 0:04:52] C77: Ruy Lopez: 3...a6 4 Ba4 Nf6, unusual lines.} 7. d3 Na5 8. Bg5 Nxb3 {[%emt 0:11:28] White has an edge.} 9. axb3 Bb7 10. d4 (10. O-O $5 ) 10... exd4 11. Qxd4 {[%emt 0:00:45] Black must now prevent e5.} O-O (11... h6 $11 12. Be3 b4) 12. e5 {[%emt 0:17:04][%cal Rg5f6] White is more active.} (12. O-O-O $5 Be7 13. e5 $14) 12... Bxf3 $1 13. Bxf6 (13. exf6 Re8+ 14. Kd2 Bb7 $17) (13. gxf3 Bxe5 14. Qh4 (14. Qxe5 $2 Re8 $19) 14... h6 $17) 13... gxf6 14. exd6 Re8+ $1 (14... Bxg2 $2 15. Rg1 Kh8 16. dxc7 Qe7+ 17. Kd2 $18) (14... c5 15. Qxc5 Re8+ 16. Kf1 $16) 15. Kd2 Bc6 (15... Bxg2 $2 16. Rhg1 Re6 17. Ne4 $18) 16. Rae1 {[%emt 0:10:49] Threatens to win with Rxe8+. Black is weak on the dark squares} Re6 $132 {[%emt 0:03:31][%mdl 2048] Black has counterplay} 17. dxc7 Qxc7 {[%emt 0:01:05] aiming for ...Rd6.} 18. Rxe6 dxe6 19. Qxf6 b4 $1 (19... Bxg2 $2 20. Rg1 Qd8+ 21. Qxd8+ Rxd8+ 22. Ke3 $18) 20. Qg5+ (20. Nd1 {feels hotter.} Rd8+ 21. Kc1 Be4 22. Ne3) 20... Kh8 21. Qf6+ Kg8 22. Nd1 Qa5 {[%emt 0:07:44] Wards off Qg5+} (22... Bxg2 $2 23. Rg1 Qd8+ 24. Qxd8+ Rxd8+ 25. Ke2 $18) (22... Be4 $11 {remains equal.}) 23. Ne3 $16 Rd8+ {[%emt 0:02:27] [#]} 24. Ke2 $1 ({Don't play} 24. Ke1 $6 Bb5 25. Qg5+ Kf8 $15) 24... Bb5+ 25. Kf3 Qc7 26. h4 Qc6+ $2 {[%emt 0:06:08] [#] This move loses the game for Black.} (26... h5 $16) 27. Kg3 $1 $18 (27. Kg4 Qe4+ 28. Kh3 Rd4 $16) 27... Qc7+ 28. Kh3 Rd7 29. Ng4 h5 30. Qg5+ Kf8 31. Nf6 {[%emt 0:01:12] Intending Nh7+ and mate.} ({Resist} 31. Qxh5 Qf4 32. Re1 Rd5 33. Qh8+ Ke7 $18) 31... Rd4 32. Nxh5 Rd5 33. Qh6+ Ke7 34. Qf6+ Kd6 35. Qf4+ e5 (35... Kc6 $142 36. Qf3 Kb6) 36. Qf6+ {[%emt 0:00:08] White is clearly winning.} Kc5 37. Ng3 {[%emt 0:00:47] White threatens Ne4+ and mate.} Bd7+ 38. Kh2 {[%emt 0:00:05] Ne4+ would be deadly.} Kb5 39. Re1 Be6 40. Re2 a5 (40... Kc6 $142 41. h5 e4) 41. h5 e4 42. h6 ({Weaker is} 42. Rxe4 Rxh5+ 43. Kg1 Qxc2 $11) 42... Rf5 43. Qg7 Qd6 {[%emt 0:04:16] And now ...Rh5+ would win.} 44. Rxe4 Rh5+ 45. Kg1 Qd1+ 46. Nf1 {[%emt 0:00:05] Re5+ is the strong threat.} Qd5 {[%emt 0:01:15] Prevents Re5} 47. Rd4 Qc5 48. Rd2 Qg5 {[%emt 0:02:09] Repels Ng3} 49. Qxg5+ Rxg5 {[%emt 0:00:04][%mdl 4096] Endgame KRB-KRN} 50. Rd8 Rh5 51. Rh8 Kc6 52. Ne3 Kd7 53. g4 Rh4 54. Kg2 Ke7 55. Kg3 Rh1 56. f4 f6 57. f5 Bd7 58. Nd5+ Kd6 59. Nxf6 Bc6 60. h7 {[%emt 0:00:33] Weighted Error Value: White=0.07 (flawless) /Black=0.40} 1-0

[Event "European Women-ch 2023"]
[Site "Petrovac"]
[Date "2023.03.23"]
[Round "6.1"]
[White "Guichard, Pauline"]
[Black "Gajcin, Marina"]
[Result "1-0"]
[ECO "D91"]
[WhiteElo "2379"]
[BlackElo "2215"]
[Annotator "TA"]
[PlyCount "119"]
[EventDate "2023.03.15"]
[EventType "swiss"]
[EventCountry "MNE"]
[SourceTitle "playchess.com"]
[Source "ChessBase"]
[SourceQuality "1"]
[TimeControl "40/5400+30:1800+30"]

1. d4 Nf6 2. c4 g6 3. Nc3 d5 4. Nf3 Bg7 5. Bg5 c5 6. Bxf6 (6. dxc5 {looks sharper.} Be6 7. Qb3 dxc4 8. Qxb7 Nbd7 9. Rd1) 6... Bxf6 7. cxd5 cxd4 8. Nxd4 {[%emt 0:02:12] White has an edge.} Qb6 $1 9. e3 (9. Qa4+ $2 Bd7 10. Ndb5 (10. Ncb5 $2 a6 $19) 10... Bxc3+ 11. bxc3 Bxb5 $19) 9... Qxb2 10. Rc1 O-O 11. Be2 Bxd4 12. exd4 Nd7 13. O-O Nf6 14. Re1 Bd7 15. Bf3 Qb4 {[%emt 0:07:34] Wards off Na4} (15... Rac8 $5 16. Qb3 Qxb3 17. axb3 Rfe8 $15) 16. Qb3 a5 17. Ne2 Rac8 18. Qe3 (18. Qxb4 $11 {keeps the balance.} axb4 19. h3) 18... Rxc1 $17 19. Nxc1 Qd6 20. Qb3 (20. Qxe7 $2 Re8 $19) 20... b6 21. Nd3 Bg4 (21... a4 $17 22. Qb4 Rc8) 22. Bxg4 $1 $15 Nxg4 23. Ne5 Nf6 24. Nc6 {[%emt 0:00:05] [#]} Re8 (24... Qxd5 $2 25. Nxe7+ (25. Qxb6 Qxa2 26. Qxa5 Qxa5 $15) 25... Kg7 26. Nxd5 $18) (24... Rc8 $1 $17 {...Rc7 is the strong threat.} 25. Na7 Re8) 25. Qxb6 $11 Nxd5 26. Qb5 (26. Qxa5 $2 Qxc6 27. g3 Qc4 $19) 26... Nc7 27. Qc4 (27. Qxa5 $2 Qxc6 28. Qc5 Qb7 $19) 27... Qd5 28. Qa4 (28. Nxe7+ $2 Rxe7 29. Qf1 Rxe1 30. Qxe1 Qxa2 $19) 28... e6 (28... Qd6 $11) 29. Re5 $14 (29. Nxa5 $6 Kg7 $11) 29... Qd6 30. Rxa5 (30. Nxa5 Rb8 31. Nb3 Nd5 $11) 30... Rc8 31. g3 Kg7 32. Ne5 Rb8 33. Ra7 {[%emt 0:02:26] [#] Threatens to win with Qc2.} (33. Kg2 {simplifies} Rb4 34. Qc6 Qxc6+ 35. Nxc6 Rb6 36. Ne5) 33... Rb1+ 34. Kg2 Rc1 {[%emt 0:00:50] Prevents Qc4} 35. Qd7 {[%emt 0:02:01] Active counter play!} (35. Ra5 $16) 35... Qxd7 $11 36. Nxd7 {[%emt 0:00:03][%mdl 4096] Endgame KRN-KRN} Nb5 37. Rb7 Nxd4 (37... Nd6 $1 $11 38. Rb4 Rc2) 38. Ne5 $16 Kf6 39. f4 (39. Rxf7+ $2 {loses.} Kxe5 40. Rxh7 g5 $19) 39... Rc2+ 40. Kh3 Kf5 41. Rxf7+ Ke4 42. Rxh7 (42. a4 $16) 42... g5 $1 $11 43. Ng6 Rxa2 (43... gxf4 $11 44. gxf4 (44. Nxf4 Nf3 $11) 44... Kf5) 44. fxg5 $16 Nf3 {[%emt 0:01:34] Inhibits Rh4+.} 45. Re7 Rxh2+ $2 {[%emt 0:08:13][%mdl 8192] A mistake that costs the game.} (45... Kd4 $16 46. Rb7 (46. Rxe6 $2 {too greedy.} Nxg5+ 47. Kg4 Nxe6 $19) 46... Nxg5+ 47. Kg4 Ne4) 46. Kg4 $18 e5 47. Nh4 Nd4 48. g6 Ra2 49. g7 Ra8 {[%emt 0:00:09] Against g8Q} 50. Ng6 Nc6 51. Re6 Rg8 52. Rxc6 Rxg7 {[%emt 0:00:05] KRN-KR} 53. Re6 Kd4 54. Kf5 {[%emt 0:00:52] White wants to mate with g4.} Rf7+ 55. Rf6 Rh7 56. Nxe5 {[%emt 0:01:03] White mates.} Rh5+ 57. Kf4 Kd5 58. g4 Rxe5 59. Rf5 Rxf5+ 60. Kxf5 {[%emt 0:00:04] Weighted Error Value: White=0.15 (very precise) /Black=0.28 (precise)} 1-0

[Event "European Women-ch 2023"]
[Site "Petrovac"]
[Date "2023.03.23"]
[Round "6.1"]
[White "Slaba, Andrea"]
[Black "Sieber, Fiona"]
[Result "0-1"]
[ECO "D40"]
[WhiteElo "2061"]
[BlackElo "2217"]
[Annotator "TA"]
[PlyCount "58"]
[EventDate "2023.03.15"]
[EventType "swiss"]
[EventCountry "MNE"]
[SourceTitle "playchess.com"]
[Source "ChessBase"]
[SourceQuality "1"]
[TimeControl "40/5400+30:1800+30"]

1. Nf3 c5 2. c4 Nc6 3. Nc3 e6 4. e3 d5 5. d4 Nf6 6. a3 cxd4 7. exd4 Be7 8. Bd3 O-O 9. O-O dxc4 10. Bxc4 b6 11. Bb3 Bb7 12. Bc2 Qd6 13. Ne2 (13. Re1 $11) 13... e5 14. dxe5 Nxe5 15. Nxe5 Qxe5 16. Nf4 Rad8 {[%emt 0:21:15] Black is more active.} 17. Qe2 (17. Qe1 $17 Qc7 18. Qc3) 17... Qc7 $1 $19 {[%emt 0:00:10] ...Bd6 would be deadly.} 18. Be3 {[%emt 0:07:49] [#]} Bd6 $1 19. g3 (19. Rac1 $142 Bxf4 20. Bxh7+ Nxh7 21. Rxc7 Bxc7 22. Qc4) 19... Qc6 20. f3 Rfe8 {[%emt 0:00:56][%cal Oe8e3] Threatens to win with ...Rxe3!} 21. Ng2 (21. Rad1 {might work better.} Rxe3 {[%mdl 64] Deflection} 22. Qxe3 Qxc2 23. b4) 21... Bc5 22. Qf2 {[%emt 0:02:02] [#]} (22. Rac1 $142 Rxe3 {[%mdl 64] Clearance} 23. Nxe3) 22... Ng4 $1 {[%emt 0:03:30][%cal Bf6g4,Bg4f2,Bf2h3][%mdl 608] Double Attack} 23. Be4 (23. Ba4 Qxa4) 23... Nxf2 24. Bxc6 Nh3+ {[%emt 0:00:00][%mdl 64] Zwischenzug} ({Weaker is} 24... Bxc6 25. Bxf2 Bf8 26. f4 $17) (24... Bxe3 $2 {is the wrong capture.} 25. Bxb7 Nh3+ 26. Kh1 $19) 25. Kh1 Bxc6 26. Bxc5 {[%emt 0:00:15] White is weak on the light squares} bxc5 27. Rac1 f6 {[%emt 0:08:03] And now ...Rd2 would win.} 28. Rxc5 {[%emt 0:01:44] [#]} Bxf3 29. Rc2 Re2 {[%emt 0:00:57] Black took control after the opening. An interesting game.   Weighted Error Value: White=1.59/Black=0.98} 0-1

[Event "European Women-ch 2023"]
[Site "Petrovac"]
[Date "2023.03.23"]
[Round "6.2"]
[White "Khotenashvili, Bela"]
[Black "Wagner, Dinara"]
[Result "1/2-1/2"]
[ECO "E04"]
[WhiteElo "2491"]
[BlackElo "2411"]
[Annotator "TA"]
[PlyCount "111"]
[EventDate "2023.03.15"]
[EventType "swiss"]
[EventCountry "MNE"]
[SourceTitle "playchess.com"]
[Source "ChessBase"]
[SourceQuality "1"]
[TimeControl "40/5400+30:1800+30"]

1. Nf3 d5 2. g3 c5 3. Bg2 Nc6 4. d4 e6 5. O-O Nf6 6. c4 dxc4 7. Qa4 Bd7 8. Qxc4 cxd4 9. Nxd4 Rc8 10. Nc3 Nxd4 11. Qxd4 Bc5 12. Qh4 Bc6 13. Rd1 Qa5 {[%emt 0:00:26] seems to push 13...Qb6 aside. E04: Open Catalan: 5 Nf3.} 14. Bxc6+ Rxc6 15. Bg5 Be7 {[%emt 0:00:50] White has an edge.} 16. Ne4 Qe5 17. Nxf6+ Bxf6 18. Bxf6 Qxf6 19. Qb4 (19. Qxf6 {simplifies} gxf6 20. Rac1 Rxc1 21. Rxc1 Kd7 22. Kg2) 19... Qe7 20. Qd4 O-O 21. Rac1 Rxc1 22. Rxc1 $11 {[%emt 0:00:12][%mdl 4096] Endgame KQR-KQR} b6 23. Qe5 {[%emt 0:05:17] [#]} Qf6 $146 ({Predecessor:} 23... Qb4 24. Rc7 Qa4 25. a3 h6 26. Qd6 Qe4 27. Qd2 a5 28. f3 Qe5 29. Rc6 Qb5 30. Rc7 Qe5 {½-½ Liu,Y (2532)-Lou,Y (2490) CHN-ch Xinghua 2022 (10)}) 24. Qb5 Qe7 {[%emt 0:01:39] Wards off Rc7. The position is equal.} 25. Rc6 Rd8 26. Qc4 g6 27. b4 Qd7 28. b5 Qd1+ 29. Kg2 Qd5+ 30. e4 Qxc4 31. Rxc4 {[%emt 0:00:02] KR-KR} Rd2 32. a4 Ra2 33. e5 Ra3 34. h4 h5 35. Kf1 Ra2 36. Ke1 Kf8 37. Rf4 Ke7 38. Kf1 Ke8 39. Rc4 Kd7 40. Ke1 Kd8 41. Kf1 Kd7 42. g4 hxg4 43. Rxg4 Ke7 44. Rc4 {[%emt 0:00:26] Strongly threatening Rc7+.} Kd7 {[%emt 0:06:19] Inhibits Rc7+.} 45. Re4 Ke7 46. Kg2 Ra3 47. f3 Ra2+ 48. Kg3 Kf8 49. Rc4 Kg7 50. Kg4 Ra3 51. f4 Ra1 52. Rd4 Rg1+ 53. Kf3 Ra1 54. Kg4 Rg1+ 55. Kf3 Ra1 56. Ke4 {[%emt 0:00:09] Weighted Error Value: White=0.02 (flawless) /Black=0.01 (flawless)} 1/2-1/2

[Event "European Women-ch 2023"]
[Site "Petrovac"]
[Date "2023.03.23"]
[Round "6.2"]
[White "Garifullina, Leya"]
[Black "Radeva, Viktoria"]
[Result "1-0"]
[ECO "C11"]
[WhiteElo "2372"]
[BlackElo "2247"]
[Annotator "TA"]
[PlyCount "105"]
[EventDate "2023.03.15"]
[EventType "swiss"]
[EventCountry "MNE"]
[SourceTitle "playchess.com"]
[Source "ChessBase"]
[SourceQuality "1"]
[TimeControl "40/5400+30:1800+30"]

1. e4 e6 2. d4 d5 3. Nc3 Nf6 4. e5 Nfd7 5. f4 c5 6. Nf3 Nc6 7. Be3 cxd4 8. Nxd4 Qb6 9. Qd2 Qxb2 10. Rb1 Qa3 11. Bb5 {[%emt 0:00:55] Threatens to win with Rb3.} Nxd4 12. Bxd4 {[%emt 0:00:08][%cal Of4f5] White wants to play f5!} ({Much weaker is} 12. Qxd4 a6 13. Bxd7+ Bxd7 14. Rxb7 Rc8 $17) 12... a6 13. Bxd7+ Bxd7 {[%emt 0:00:03] The position is equal.} 14. Rb3 Qe7 15. Rxb7 Qh4+ 16. Qf2 Qxf2+ 17. Kxf2 Be7 18. Rhb1 Bd8 19. Rb8 Rxb8 20. Rxb8 O-O {[%emt 0:00:12] And now ...Bh4+ would win.} 21. Rb7 $1 Bc6 22. Ra7 Ba5 23. Rxa6 Bxc3 24. Bxc3 $14 {[%emt 0:00:04][%mdl 4096] Endgame KRB-KRB} Rc8 25. Ke3 Bb7 26. Ra3 h5 27. Kd2 d4 {[%emt 0:00:16][%mdl 64] [#] Discovered Attack} 28. Bxd4 Bxg2 29. Ra7 Rc4 30. c3 h4 31. Ke3 g6 32. a4 Kg7 33. Kd3 Bd5 34. h3 (34. Kc2 $14) 34... g5 $11 35. fxg5 Kg6 36. Be3 Rc6 37. Rd7 Rc4 38. Rd8 (38. a5 $5 ) 38... Rxa4 39. Rh8 Bc4+ 40. Kd2 Bf1 $2 (40... Ra2+ $11 {and Black has nothing to worry.} 41. Kd1 Ra1+ 42. Kd2 Ra2+ 43. Kd1 Ra1+ 44. Kd2 Ra2+) 41. Rh6+ $18 Kg7 {[%emt 0:06:51] [#]} 42. Bc5 $1 {[%emt 0:01:11] Strongly threatening Be7.} Ra2+ 43. Ke1 {[%emt 0:07:38] Be7 would be deadly.} Bd3 44. Be7 {[%emt 0:00:08] White threatens Bf6+ and mate.} ({Less strong is} 44. Rxh4 Kg6 $14) 44... Bh7 (44... f6 $142 45. exf6+ (45. Rxf6 Re2+ 46. Kd1 Rh2 $14) 45... Kf7 46. Rxh4 e5) 45. Bf6+ Kg8 46. Rxh4 Rg2 47. c4 {[%emt 0:01:58][%cal Bc3c4,Bc4c5][%mdl 32] aiming for Rd4.} Rg3 48. c5 Rc3 49. Rb4 Bc2 50. h4 {[%emt 0:00:11][%cal Bh3h4,Bh4h5][%mdl 32] Intending Rb8+ and mate.} Kh7 51. h5 {[%emt 0:00:03] Threatening mate with Rb8.} Bd1 52. Kxd1 Rxc5 53. Rb7 {[%emt 0:00:04] Weighted Error Value: White=0.05 (flawless) /Black=0.36} 1-0

[Event "European Women-ch 2023"]
[Site "Petrovac"]
[Date "2023.03.23"]
[Round "6.2"]
[White "Valkova, Angelika"]
[Black "Ibrahimova, Sabina"]
[Result "1-0"]
[ECO "E71"]
[WhiteElo "2055"]
[BlackElo "2207"]
[Annotator "TA"]
[PlyCount "77"]
[EventDate "2023.03.15"]
[EventType "swiss"]
[EventCountry "MNE"]
[SourceTitle "playchess.com"]
[Source "ChessBase"]
[SourceQuality "1"]
[TimeControl "40/5400+30:1800+30"]

1. d4 Nf6 2. c4 g6 3. Nc3 Bg7 4. e4 d6 5. h3 O-O 6. Be3 Nbd7 7. g4 {[%emt 0:00:14] E71: King's Indian: 4 e4 d6 5 h3.} c5 8. Nge2 Qa5 9. Qd2 {[%emt 0:05:36] White has an edge.} b5 {[%emt 0:03:44] [#]} 10. Bg2 $146 {[%emt 0:00:22] Black must now prevent e5.} ({Predecessor:} 10. cxb5 a6 11. Bg2 axb5 12. e5 cxd4 13. Nxd4 Nxe5 14. Ncxb5 Bd7 15. a4 Qd8 16. g5 {½-½ Bluebaum,M (2635)-Firouzja,A (2549) Moscow Aeroflot op-A 17th 2018 (6)}) 10... b4 {[%emt 0:05:36] [#]} (10... bxc4 11. e5 dxe5 12. dxe5 (12. Bxa8 cxd4 $11) 12... Nxe5 13. Bxa8 $16) 11. e5 $2 {[%emt 0:09:09] [#]} cxd4 12. exf6 $11 bxc3 13. fxg7 $1 cxd2+ 14. Bxd2 Qb6 15. gxf8=Q+ (15. Bxa8 $2 Kxg7 16. Nxd4 Qxb2 $19) 15... Kxf8 16. Bxa8 {[%emt 0:00:41] A strong pair of Bishops.} Qxb2 17. Rd1 e5 18. O-O {[%emt 0:04:59] Threatens to win with Bh6+.} Nb6 (18... Kg7 $1 $11 {remains equal.}) 19. Bf3 (19. Bg2 $16) 19... Kg7 $1 {[%emt 0:05:51] Prevents Bh6+.} 20. Nc1 (20. Ng3 $11) 20... Nxc4 $17 21. Nd3 Qa3 (21... Qc2 $17 22. Bc1 Qxa2) 22. Bb4 $15 Qa4 {[%emt 0:02:51][%mdl 1024] Black has compensation.} 23. Rc1 (23. Bd5 $11 Nb2 24. Bxd6 (24. Nxb2 Qxb4 25. Nd3 Qa5 $15) (24. Bb3 Qb5 $11) 24... Nxd1 25. Nc5) 23... Be6 $17 24. Bd1 Qb5 25. Bb3 d5 {[%emt 0:01:29][%cal Oc4d2] Strongly threatening ...Nd2!} 26. Bc5 {[%emt 0:03:56] [#]} f6 $1 {[%emt 0:01:38] aiming for ...Nd2.} ({Much weaker is} 26... Nd2 27. Nxe5 f6 28. Nc6 $11) 27. Rfd1 {[%emt 0:00:36] Inhibits Nd2.} (27. Bxa7 $2 Nd2 28. Nc5 (28. Rc7+ $2 Kg8 $19) 28... Bf7 $19) 27... Qd7 (27... h5 $15 28. g5 (28. Bxa7 $2 {too greedy.} hxg4 29. Bxd4 exd4 $19) 28... fxg5) 28. Bb4 (28. Bxd4 $1 $11 {keeps the balance.} Bxg4 29. Nc5) 28... Bf7 29. Nc5 Qb5 30. a3 a5 $2 (30... Qb8 $17 {keeps the pressure on. ...a5 would be deadly.} 31. Ba4 Qc8) 31. Ba4 $16 Qb8 (31... Qb6 $142 32. Nd7 Qd8 33. Bf8+ Kg8) 32. Nd7 Qc7 {[%emt 0:00:48][%mdl 8192] Loses the game.} (32... Qd8 $16 33. Bf8+ Kg8) 33. Be7 $18 Be8 34. Bxf6+ Kh6 35. g5+ Kh5 {[%emt 0:00:11] [#]} 36. Bxe5 $1 {[%emt 0:00:13][%mdl 576] Pin, Double Attack} Qd8 (36... Qb7 37. Nf6+) 37. Bf6 {[%emt 0:01:14] White mates.} Qc7 38. Rxd4 Bxd7 39. Bd1+ {[%emt 0:00:08] An entertaining game by Valkova.   Weighted Error Value: White=0.23 (precise) /Black=0.61} 1-0

[Event "European Women-ch 2023"]
[Site "Petrovac"]
[Date "2023.03.23"]
[Round "6.3"]
[White "Narva, Mai"]
[Black "Efroimski, Marsel"]
[Result "1-0"]
[ECO "C01"]
[WhiteElo "2389"]
[BlackElo "2451"]
[Annotator "TA"]
[PlyCount "85"]
[EventDate "2023.03.15"]
[EventType "swiss"]
[EventCountry "MNE"]
[SourceTitle "playchess.com"]
[Source "ChessBase"]
[SourceQuality "1"]
[TimeControl "40/5400+30:1800+30"]

1. e4 e6 2. d4 d5 3. exd5 exd5 4. Nf3 Nc6 5. Bb5 Bd6 6. O-O Nge7 7. c4 dxc4 8. Bxc4 O-O 9. h3 {[%emt 0:02:05] Inhibits Bg4. C01: French: Exchange Variation.} Bf5 10. Nc3 Qd7 11. Nb5 {[%emt 0:14:08] The position is equal.} Rad8 {[%emt 0:03:37] [#]} 12. a3 $146 ({Predecessor:} 12. Nxd6 Qxd6 13. Be3 Be4 14. a3 Qg6 15. Nh4 Qf6 16. Qg4 Bf5 17. Nxf5 Qxf5 18. Rfd1 Qxg4 19. hxg4 {1-0 Okhotnik,V (2437)-Salami,M (2195) Crema op 12th 2010 (4)}) 12... h6 13. Re1 Ng6 14. d5 $1 Bc5 {[%emt 0:05:30][%cal Of5h3] Strongly threatening ...Bxh3!} 15. b4 Bb6 {[%emt 0:00:11][%cal Of5h3] White must now prevent ...Bxh3!} 16. Nc3 Nce7 17. Be3 c6 18. Bxb6 axb6 19. Ne5 Nxe5 20. Rxe5 Ng6 21. Re1 {[%emt 0:02:24] aiming for g4.} Nf4 22. Qd4 (22. Qf3 $5 Nxd5 23. Rad1 $11) 22... Nxd5 23. Bxd5 cxd5 24. Rad1 Be6 25. Qxb6 Qc6 26. Qd4 (26. Qxc6 {simplifies} bxc6 27. Ne2 Ra8 28. Rd3) 26... Qc4 27. Re3 Qxd4 28. Rxd4 Rd6 29. f4 Rc8 30. Red3 Kf8 31. g4 g6 32. Kf2 (32. Nxd5 $2 {is the wrong capture.} Rcd8 33. Kf2 Rxd5 $19) 32... Rdc6 (32... h5 $11) 33. Nxd5 $16 {[%emt 0:00:33] White is more active.} Rc2+ 34. Kg3 Rd8 {[%emt 0:02:43] [#]} 35. a4 $1 Rb2 36. Ne3 Re8 ({Better is} 36... Rxd4 37. Rxd4 Bb3) 37. f5 gxf5 (37... Bb3 $16 {was called for.}) 38. gxf5 $18 ({Don't play} 38. Nxf5 $6 Bxf5 39. gxf5 Kg7 $16) 38... Ba2 39. f6 Re2 (39... Bb1 $142) 40. Kf3 Rh2 {[%emt 0:00:00] [#]} (40... Rb2 41. Rc3 Kg8 42. Rg4+ Kh8) 41. Rh4 $1 Bb1 {[%emt 0:02:23] [#]} 42. Rxh6 $1 Kg8 43. Rd4 {[%emt 0:00:52] Weighted Error Value: White=0.04 (flawless) /Black=0.34} 1-0

[Event "European Women-ch 2023"]
[Site "Petrovac"]
[Date "2023.03.23"]
[Round "6.3"]
[White "Sargsyan, Anna M."]
[Black "Toncheva, Nadya"]
[Result "1-0"]
[ECO "B48"]
[WhiteElo "2371"]
[BlackElo "2192"]
[Annotator "TA"]
[PlyCount "103"]
[EventDate "2023.03.15"]
[EventType "swiss"]
[EventCountry "MNE"]
[SourceTitle "playchess.com"]
[Source "ChessBase"]
[SourceQuality "1"]
[TimeControl "40/5400+30:1800+30"]

1. e4 c5 2. Nf3 e6 3. d4 cxd4 4. Nxd4 Nc6 5. Nc3 Qc7 6. Be3 a6 7. Qf3 Bd6 8. O-O-O Be5 $1 9. g3 {[%emt 0:00:11] White has an edge.} Nge7 10. Qe2 b5 11. f4 Bxd4 12. Bxd4 Nxd4 13. Rxd4 O-O 14. Bg2 Nc6 15. Rd2 b4 16. Na4 d6 17. e5 dxe5 (17... d5 $1 $11) 18. Qe4 b3 19. a3 (19. Qxc6 $2 bxa2 20. c4 Qxc6 21. Bxc6 a1=Q+ $19) (19. axb3 {simplifies} Bb7 20. Qc4 Rac8 21. fxe5 Nxe5 22. Qxc7 Rxc7 23. Bxb7 Rxb7 24. Rd6) 19... Bb7 {[%emt 0:19:47] ...Rad8 would be deadly.} 20. Nc5 Rac8 $1 {[%emt 0:03:21] Hoping for ...Ba8.} (20... f5 21. Qc4 Rac8 22. Qxe6+ (22. Qxb3 $2 Nd4 $19 {[%mdl 64] Discovered Attack}) (22. Rd7 Qxd7 23. Nxd7 Nd4 $16) 22... Kh8 23. Nxb7 (23. cxb3 $2 Nd4 $19) (23. Nxb3 exf4 24. Rd7 Qb8 $14) (23. Qxb3 Na5 $17 {[%mdl 64] Discovered Attack}) 23... Qxb7 24. Qxe5 $16 (24. cxb3 $2 Nd4+ {[%mdl 64] Discovered Attack} 25. Kb1 Qxg2 $19) (24. fxe5 Qc7 $16) (24. Qxb3 Qxb3 25. cxb3 e4 $16)) 21. Qa4 (21. Nxb7 $1 $11 Qxb7 22. Rd6) 21... Na5 (21... Rfd8 $17 {...Rxd2 is the strong threat.} 22. Rxd8+ (22. Nxb3 $2 Rxd2 {[%mdl 64] Deflection} 23. Nxd2 Nd4 $19) 22... Rxd8 23. Nxb7 Na5) 22. Bxb7 $1 $11 Nxb7 23. Nxb3 exf4 24. Qxa6 e5 25. gxf4 exf4 26. Rf1 Rfe8 27. c3 Ra8 28. Qb5 Re5 {[%emt 0:04:36] [#]} (28... Nd6 $11 {remains equal.} 29. Qc5 Qxc5 30. Nxc5 Ne4) 29. Qb4 {[%emt 0:02:39] White is more active.} (29. Qd7 $1 $16 Qb6 30. Qd4) 29... g5 30. h4 {[%emt 0:02:56] Threatens to win with hxg5.} h6 (30... Rb8 $11 31. Rfd1 (31. hxg5 Na5 $17 {[%mdl 64] Discovered Attack}) 31... h6) 31. Rfd1 $2 (31. hxg5 $16 {keeps the pressure on.} hxg5 32. Rg2) 31... Rd8 (31... gxh4 $2 32. Rd7 Qc6 33. Qxf4 $18) ({Black should try} 31... Nc5 $17) 32. hxg5 hxg5 33. Nd4 Re4 34. Qb5 Re5 35. Qb4 Re4 36. Rg1 $40 {[%emt 0:03:13][%mdl 128] White mounts an attack.} Rd5 {[%emt 0:01:52][%mdl 8192] [#] This costs Black the game.} (36... f6 $14) 37. Ne6 $1 $18 {[%emt 0:04:23][%mdl 576] Qf8+ would kill now. Discovered Attack, Double Attack. White is clearly winning.} Rxb4 38. Rxd5 (38. Nxc7 Rxd2 39. Rxg5+ (39. cxb4 Rf2 $18) 39... Kf8 40. cxb4 (40. Kxd2 Rxb2+ 41. Kd3 Nd6 $11) (40. axb4 Rf2 $18) 40... Rf2 $18) 38... fxe6 39. Rdxg5+ Kf8 40. Rg8+ (40. axb4 $2 Qh7 41. R1g4 Qe4 42. Rg8+ Kf7 43. R4g7+ Kf6 $19) 40... Ke7 41. R1g7+ (41. axb4 Qe5 42. R1g7+ Kf6 43. Rg6+ (43. Rxb7 $2 {is the wrong capture.} Qe1+ 44. Kc2 Qe4+ 45. Kd2 Qxb7 $19) 43... Kf7 44. R8g7+ Qxg7 45. Rxg7+ Kxg7 $19) 41... Kd6 42. Rxc7 {[%emt 0:00:10] Black must now prevent Rgg7.} (42. axb4 $2 {perishes.} Qb6 43. Rb8 f3 $19) 42... Rxb2 {[%emt 0:00:25][%mdl 4096] Endgame KRR-KRN} 43. Rgg7 Rh2 44. Rxb7 f3 45. Rgf7 Rf2 46. Rb2 Rf1+ 47. Kc2 e5 48. Kd3 Kd5 49. Ke3 e4 50. Rd2+ Ke6 51. Rf4 Re1+ 52. Kf2 {[%emt 0:00:11] A cool game by Sargsyan.   Weighted Error Value: White=0.17 (very precise) /Black=0.42} 1-0